 Dungeon Crawl Stone Soup version 0.19.1-1-g22dce08 (console) character file.

2613 Kloppie the Cleaver (level 9, -1/108 HPs)
             Began as a Demonspawn Berserker on Jan 16, 2017.
             Was an Elder of Trog.
             Slain by Joseph
             ... wielding a +0 quarterstaff of draining
              (2 damage)
             ... on level 7 of the Dungeon.
             The game lasted 00:09:58 (6709 turns).

Kloppie the Cleaver (Demonspawn Berserker)          Turns: 6709, Time: 00:09:59

Health: -1/108     AC:  3    Str: 21 (24) XL:     9   Next: 34%
Magic:  9/9        EV: 10    Int: 12      God:    Trog [****..]
Gold:   418        SH:  0    Dex: 16 (17) Spells: 0 memorised, 8 levels left

rFire  . . .     SeeInvis +     a - +0 hand axe
rCold  + . .     Gourm    .     b - +4 scale mail
rNeg   . . .     Faith    .     (no shield)
rPois  .         Spirit   .     w - +1 hat
rElec  .         Reflect  .     h - -7 cloak "Aphom" {rC+ rCorr Int+4 SInv} (curse)
rCorr  +         Harm     .     (no gloves)
MR     ++...                    (no boots)
Stlth  ..........               (no amulet)
                                y - -5 ring of protection (curse)
                                d - +2 ring of dexterity

@: berserking, very slightly contaminated, regenerating, drained, invisible,
very quick
A: talons 2, slimy green scales 1, demonic guardian 1, mutation resistance 1,
wild magic 1
a: Berserk, Trog's Hand, Brothers in Arms, Burn Spellbooks, Renounce Religion


You were on level 7 of the Dungeon.
You worshipped Trog.
Trog was greatly pleased with you.
You were not hungry.

You visited 1 branch of the dungeon, and saw 7 of its levels.

You collected 418 gold pieces.

Inventory:

Hand Weapons
 a - a +0 hand axe (weapon)
 r - a +0 war axe
Armour
 b - a +4 scale mail (worn)
 h - the cursed -7 cloak "Aphom" (worn) {rC+ rCorr Int+4 SInv}
   (You found it on level 7 of the Dungeon)

   It affects your intelligence (+4).
   It protects you from cold.
   It lets you see invisible.
   It protects you from acid and corrosion.
   It has a curse placed upon it.
 v - a +1 cloak of invisibility
 w - a +1 hat (worn)
Jewellery
 d - a +2 ring of dexterity (left hand)
 e - an uncursed ring of fire
 y - a cursed -5 ring of protection (right hand)
Scrolls
 j - a scroll of enchant armour
 l - a scroll of noise
 n - 6 scrolls of teleportation
 o - a scroll of enchant weapon
 p - a scroll of blinking
 x - a scroll of remove curse {unknown}
Potions
 k - 2 potions of cancellation
 m - 5 potions of agility
 t - 3 potions of curing
Books
 s - a book of Maledictions

   Spells                             Type                      Level
   a - Corona                         Hexes                        1
   b - Ensorcelled Hibernation        Hexes/Ice                    2
   c - Confuse                        Hexes                        3
   d - Tukima's Dance                 Hexes                        3
   e - Dazzling Spray                 Conjuration/Hexes            3
   Trog disapproves of the use of such an item.
Comestibles
 c - 3 bread rations
 f - 3 slices of pizza
 g - 3 meat rations
 i - 2 beef jerkies
 q - 4 chunks of flesh
 B - 2 fruits


   Skills:
 - Level 7.5(6.7) Fighting
 + Level 8.7(7.9) Axes
 + Level 5.7(4.9) Armour
 - Level 1.7(1.1) Dodging


You had 8 spell levels left.
You didn't know any spells.

Dungeon Overview and Level Annotations

Branches:
Dungeon (7/15)             Temple (0/1) D:7

Altars:
Ashenzari
Elyvilon
Gozag
Kikubaaqudgha
Trog
Yredelemnul
The Shining One

Shops:
D:5 [

Annotations:
D:7 Joseph


Innate Abilities, Weirdness & Mutations

You have razor-sharp toenails.
You are partially covered in slimy green scales. (AC +2)
A weak demonic guardian rushes to your aid.
You are somewhat resistant to further mutation.
Your spells are a little harder to cast, but a little more powerful.


Message History

Joseph is moderately wounded.
Joseph hits you with an uncursed quarterstaff of draining!
* * * LOW HITPOINT WARNING * * *
You feel drained.
* * * LOW HITPOINT WARNING * * *
You barely miss Joseph. Your kick misses Joseph.
Joseph is moderately wounded.
You catch the helpless Joseph completely off-guard!
You hit Joseph. You claw Joseph, but do no damage.
Joseph is moderately wounded.
Joseph closely misses you.
You slash Joseph! Your kick misses Joseph.
Joseph is moderately wounded.
You barely miss Joseph. Your kick misses Joseph.
Joseph is moderately wounded.
Joseph hits you with an uncursed quarterstaff of draining!
* * * LOW HITPOINT WARNING * * *
You feel drained.
You die...

# #.# #.#
#.##.#....... #
#.# #.#
#.##.######## #
#.# #.##.# ######
#.## #.# ......#
#..# #(# #####|#
##.# #.# #
####.###.#######.
#.5@.............
#.#@.....########
#.#.(.#### ###
#.#...# ..#
#.#.(.# #.#
#.#.(.# #.#
#.#.(.#####.#
#.#####
#.#.........#
#....)#
#.##.#######.
#####.# #.##.#


You could see Joseph and a friendly ufetubus.

Vanquished Creatures
  The ghost of fatfloppyjuicyveiny the Covert, a novice OpAs of Dithmenos (D:5)
  The ghost of ErikD the Chopper, a novice HOBe of Trog (D:4)
  Grinder (D:4)
  Duvessa (D:4)
  An ice beast (D:5)
  A sky beast (D:5)
  A phantom (D:4)
  2 centaurs
  4 bullfrogs
  Dowan (D:4)
  2 howler monkeys (D:7)
  3 crimson imps
  A hound (D:5)
  2 jellies
  A bullfrog zombie (D:5)
  4 orc wizards
  Crazy Yiuf (D:3)
  2 centaur skeletons
  An orc priest (D:6)
  3 iguanas
  A worker ant (D:7)
  A hound zombie (D:5)
  2 hound skeletons
  9 adders
  A shadow imp (D:7)
  2 oozes
  An adder zombie (D:5)
  An adder skeleton (D:7)
  3 worms
  4 dart slugs
  4 leopard geckos
  18 orcs
  A bat zombie (D:2)
  5 giant cockroaches
  9 hobgoblins
  7 jackals
  10 kobolds
  4 quokkas
  2 ball pythons
  10 bats
  7 frilled lizards
  11 goblins
  2 jackal zombies (D:6)
  A quokka skeleton (D:4)
  4 rats
  2 rat zombies (D:2)
156 creatures vanquished.

Vanquished Creatures (collateral kills)
  A black bear (D:6)
  An ogre (D:4)
  A bullfrog (D:4)
  5 orcs
8 creatures vanquished.

Grand Total: 164 creatures vanquished

Notes
Turn   | Place    | Note
-------+----------+-------------------------------------------
     0 | D:1      | Kloppie the Demonspawn Berserker began the quest for the Orb.
     0 | D:1      | Reached XP level 1. HP: 18/18 MP: 1/1
    40 | D:1      | Gained mutation: A weak demonic guardian rushes to your aid. [demonic ancestry]
    40 | D:1      | Reached XP level 2. HP: 8/24 MP: 2/2
   297 | D:1      | Reached skill level 3 in Axes
   666 | D:1      | Reached XP level 3. HP: 29/29 MP: 3/3
   898 | D:2      | Reached ** piety under Trog
  1452 | D:2      | Reached XP level 4. HP: 37/37 MP: 4/4
  1532 | D:2      | Found an ancient bone altar of Kikubaaqudgha.
  1663 | D:3      | Reached skill level 4 in Axes
  2352 | D:3      | Gained mutation: You are partially covered in slimy green scales. (AC +2) [demonic ancestry]
  2352 | D:3      | Reached XP level 5. HP: 30/43 MP: 5/5
  2564 | D:3      | Reached *** piety under Trog
  2870 | D:3      | Found an opulent altar of Gozag.
  2948 | D:3      | Found a runed door.
  2988 | D:3      | Noticed Crazy Yiuf
  2995 | D:3      | Killed Crazy Yiuf
  3175 | D:4      | Noticed an ogre
  3181 | D:4      | Killed an ogre
  3181 | D:4      | Gained mutation: You have sharp toenails. [demonic ancestry]
  3181 | D:4      | Reached XP level 6. HP: 49/49 MP: 6/6
  3260 | D:4      | Noticed ErikD's ghost (novice HOBe)
  3262 | D:4      | Noticed Grinder
  3262 | D:4      | Paralysed by Grinder for 5 turns
  3282 | D:4      | Killed ErikD's ghost
  3282 | D:4      | Reached skill level 5 in Axes
  3282 | D:4      | Gained mutation: You have razor-sharp toenails. [demonic ancestry]
  3282 | D:4      | Reached XP level 7. HP: 55/55 MP: 5/7
  3284 | D:4      | Paralysed by Grinder for 4 turns
  3294 | D:4      | Killed Grinder
  3294 | D:4      | Reached skill level 6 in Axes
  3476 | D:4      | Found a shattered altar of Ashenzari.
  3772 | D:4      | Received a gift from Trog
  3822 | D:4      | Noticed Dowan
  3823 | D:4      | Noticed Duvessa
  3829 | D:4      | Killed Dowan
  3837 | D:4      | Killed Duvessa
  3852 | D:4      | Reached skill level 5 in Fighting
  4136 | D:4      | Reached XP level 8. HP: 62/62 MP: 8/8
  4317 | D:5      | Entered Level 5 of the Dungeon
  4332 | D:5      | Found Alit's Armour Boutique.
  4393 | D:5      | Found an ancient bone altar of Kikubaaqudgha.
  4414 | D:5      | Reached skill level 7 in Axes
  4498 | D:5      | Found a basalt altar of Yredelemnul.
  4659 | D:5      | Noticed fatfloppyjuicyveiny's ghost (novice OpAs)
  4666 | D:5      | Killed fatfloppyjuicyveiny's ghost
  4892 | D:5      | Reached skill level 8 in Axes
  4968 | D:5      | Found a white marble altar of Elyvilon.
  5133 | D:5      | Found a glowing golden altar of the Shining One.
  5142 | D:5      | Gained mutation: Your spells are a little harder to cast, but a little more powerful. [potion of mutation]
  5142 | D:5      | Gained mutation: You are somewhat resistant to further mutation. [potion of mutation]
  5214 | D:6      | Reached XP level 9. HP: 62/72 MP: 9/9
  5262 | D:6      | Reached **** piety under Trog
  5621 | D:6      | Found a bloodstained altar of Trog.
  5715 | D:6      | Reached skill level 5 in Armour
  5915 | D:7      | Got an ichor-stained cloak
  5926 | D:7      | Identified the cursed -7 cloak "Aphom" {rC+ rCorr Int+4 SInv} (You found it on level 7 of the Dungeon)
  6367 | D:7      | Found a staircase to the Ecumenical Temple.
  6693 | D:7      | Noticed Joseph
  6709 | D:7      | HP: 1/108 [Joseph/uncursed quarterstaff of draining (8)]
  6709 | D:7      | Slain by Joseph

Skill      XL: |  1  2  3  4  5  6  7  8  9 |
---------------+----------------------------+-----
Axes           | 3 4 5 6 8 |  8.7
Fighting       | 4 5 7 |  7.5
Armour         | 2 3 4 5 |  5.7
Dodging        | |  1.7

Action                   |  1- 3 |  4- 6 |  7- 9 || total
-------------------------+-------+-------+-------++-------
Melee: Hand axe          |   152 |   260 |   484 ||   896
       Kick              |       |     7 |   134 ||   141
Invok: Berserk           |     2 |     4 |     5 ||    11
       Trog's Hand       |       |     1 |     1 ||     2
  Use: Potion            |       |       |     9 ||     9
       Scroll            |       |       |     7 ||     7
 Stab: Sleeping          |     1 |       |       ||     1
       Distracted        |       |       |     2 ||     2
       Invisible         |       |       |     1 ||     1
  Eat: Chunk             |     3 |     8 |    10 ||    21
       Meat ration       |       |     1 |     1 ||     2
Armor: Animal skin       |    11 |       |       ||    11
       Ring mail         |    18 |       |       ||    18
       Scale mail        |    10 |   138 |   210 ||   358
Dodge: Dodged            |   119 |   121 |   217 ||   457
